Cogmind - Beta 15 @@@ ROGUE MODE // 2025.06.07 @ 13:57:24 Player: puppuppit Result: Destroyed by 0Q-ZWW(R) with Subdweller Beam Cannon Performance ------------- Evolutions (0) 0 Regions Visited (2) 400 Robots Destroyed (45) 225 Value Destroyed (1135) 1135 Prototype IDs (3) 60 Alien Tech Used (0) 0 Bonus (0) 0 TOTAL SCORE: 1820 Bonus ------- None Cogmind --------- Core Integrity 0/250 Matter 55/300 Energy 47/100 System Corruption 0% Temperature Hot (250) Movement Walking (260) Ox2 Location -10/Subcaves Parts ------- > --- POWER (1) -------- (None) > --- PROPULSION (2) --- Aluminum Leg Aluminum Leg > --- UTILITY (2) ------ High-capacity Storage Unit Improved Terrain Scanner > --- WEAPON (2) ------- Subdweller Beam Cannon Grenade Launcher > --- INVENTORY (20) --- Light Treads Subdweller Monowheel Medium Matter Pod (100) Structural Scanner Subdweller Optics Assault Rifle Light Assault Rifle Light Assault Rifle Battle Rifle Subdweller Machine Gun Subdweller Machine Gun Subdweller Machine Gun Subdweller Machine Gun Light Cannon Peak State ------------ > --- POWER ------------ Subdweller Power Source > --- PROPULSION ------- Aluminum Leg Aluminum Leg > --- UTILITY ---------- High-capacity Storage Unit Improved Terrain Scanner > --- WEAPON ----------- Light Cannon Battle Cannon > --- INVENTORY -------- Light Treads Aluminum Leg Aluminum Leg Medium Matter Pod Structural Scanner Subdweller Optics Improved Terrain Scanner Subdweller Beam Cannon Assault Rifle Light Assault Rifle Light Assault Rifle Subdweller Machine Gun Subdweller Machine Gun Grenade Launcher Grenade Launcher [Rating: 13] Favorites ----------- Power Subdweller Power Source Engine Subdweller Power Source Power Core Light Nuclear Core Propulsion Aluminum Leg Treads Light Treads Leg Aluminum Leg Utility High-capacity Storage Unit Device Improved Terrain Scanner Storage High-capacity Storage Unit Processor Targeting Computer Hackware Hacking Suite Weapon Light Cannon Energy Cannon Subdweller Beam Cannon Ballistic Gun Light Assault Rifle Ballistic Cannon Light Cannon Launcher Grenade Launcher Build | -11 -10 -10 ------- Run | Yrd Mat Sub Slots Evolved . | . . . Power . | . . . Propulsion . | . . . Utility . | . . . Weapon . | . . . Parts Attached 24 | 8 8 8 Power 3 | 1 1 1 Engine 2 | 1 . 1 Core 1 | . 1 . Reactor . | . . . Propulsion 6 | 2 2 2 Treads 2 | 2 . . Leg 4 | . 2 2 Wheel . | . . . Hover . | . . . Flight . | . . . Utility 6 | 2 3 1 Device 2 | 1 . 1 Storage 2 | 1 1 . Processor 1 | . 1 . Hackware 1 | . 1 . Protection . | . . . Artifact . | . . . Weapon 9 | 3 2 4 Energy Gun . | . . . Energy Cannon 1 | . . 1 Ballistic Gun 4 | 3 . 1 Ballistic Cannon 2 | . 1 1 Launcher 2 | . 1 1 Special Weapon . | . . . Impact Weapon . | . . . Slashing Weapon . | . . . Piercing Weapon . | . . . Special Melee Weapon . | . . . Unidentified Prototypes . | . . . Parts Lost 9 | . 3 6 Power 2 | . 1 1 Propulsion 3 | . 1 2 Utility 1 | . . 1 Weapon 3 | . 1 2 Highest Loss Streak 3 | . 3 2 To Critical Strikes 1 | . . 1 Average Backups 10 | 1 6 13 Power . | . . . Propulsion 1 | . . 2 Utility 3 | . 3 3 Weapon 5 | . 2 7 Tool/Special . | . . . Unused Backups 9 | . . 9 Power . | . . . Propulsion 1 | . . 1 Utility 3 | . . 3 Weapon 5 | . . 5 Tool/Special . | . . . Average Slot Usage (%) 97 | . 96 97 Engine 10 | . 9 11 Core 1 | . 1 2 Treads 6 | . 18 . Leg 21 | . 9 27 Device 9 | . 4 11 Storage 14 | . 14 14 Hackware 2 | . 8 . Ballistic Gun 10 | . 25 3 Ballistic Cannon 13 | . 1 20 Launcher 3 | . . 4 Peak Build Rating 13 | 9 12 13 Average Rating 10 | 6 9 11 On Entrance 7 | . 9 12 Naked Turns . | . . . Heaviest Build 52 | 12 49 52 Greatest Support 40 | 40 40 20 Greatest Overweight (x) 4 | . 4 2 Average Overweight (x) 1 | . 1 2 Largest Inventory Capacity 20 | 8 20 20 Average Capacity 19 | 7 18 20 Most Carried 17 | 3 11 17 Average Carried 10 | 1 6 13 Final Capacity 20 | 8 20 20 Final Carried 14 | 3 11 14 Class Distribution -------------------- 86% | Mutant 13% | Scavenger-Mutant Dominant Class ---------------- Mutant | -10/Materials Mutant | -10/Subcaves Resources | -11 -10 -10 ----------- Run | Yrd Mat Sub Matter Collected 1423 | 360 603 460 Remotely . | . . . Salvage Created 1108 | 176 718 214 Parts 81 | 14 46 21 Haulers Intercepted 1 | . 1 . Recyclers Shooed 1 | . 1 . Parts Field Recycled . | . . . Retrieved Matter . | . . . Parts Self-Destructed 12 | . . 12 Prevented . | . . . Kills | -11 -10 -10 ------- Run | Yrd Mat Sub Combat Hostiles Destroyed 29 | . 16 13 Guns 9 | . 8 1 Cannons 8 | . 2 6 AOE 12 | . 6 6 Classes Destroyed 11 | 3 5 3 Worker 5 | 1 4 . Builder 2 | . 2 . Tunneler 4 | 4 . . Hauler 1 | . 1 . Recycler 1 | 1 . . Operator 1 | . 1 . Watcher 2 | . 2 . Swarmer 3 | . . 3 Grunt 16 | . 16 . Artisan 1 | . . 1 Subdweller 10 | . . 10 Best Kill Streak 5 | 5 4 3 Combat Bots Only 4 | . 4 3 Max Kills in Single Turn 3 | 1 2 3 Gunslinging . | . . . Exploded 3 | . 1 3 Melee . | . . . Uniques/NPCs Destroyed . | . . . Combat | -11 -10 -10 -------- Run | Yrd Mat Sub Hostile Shots Fired 133 | . 76 57 Missed 40 | . 24 16 Hits 93 | . 52 41 Projectile 93 | . 52 41 Critical Strikes 3 | . . 3 Damage Taken 1439 | . 676 763 Core 252 | . 86 166 Absorbed by Shields . | . . . Core Remaining (%) 100 | 100 . . Volleys Fired 157 | 16 103 38 Largest 2 | 2 2 2 Hottest 110 | 40 50 110 Shots Fired 309 | 32 203 74 Gun 214 | 32 179 3 Cannon 61 | . 8 53 Launcher 34 | . 16 18 Special . | . . . Kinetic 273 | 32 187 54 Thermal 2 | . . 2 Explosive 34 | . 16 18 Electromagnetic . | . . . Robot Hit Streak 8 | 8 8 6 Robot Miss Streak 6 | 2 6 4 Penetration Max . | . . . Secondary Targets . | . . . Shots Hit Robots 166 | 18 109 39 Core Hits 77 | 8 49 20 Critical Kills . | . . . Critical Parts Destroyed . | . . . Critical Strikes 2 | . 2 . Blast 2 | . 2 . Melee Attacks . | . . . Impact . | . . . Slashing . | . . . Piercing . | . . . Sneak Attacks . | . . . Combat Hostiles . | . . . Follow-up Attacks . | . . . Damage Inflicted 3489 | 203 1743 1543 Guns 1193 | 203 960 30 Cannons 692 | . 118 574 Explosions 1604 | . 665 939 Melee . | . . . Ramming . | . . . Kinetic 1857 | 203 1078 576 Thermal 28 | . . 28 Explosive 1604 | . 665 939 Electromagnetic . | . . . Impact . | . . . Slashing . | . . . Piercing . | . . . Highest Corruption . | . . . Average Corruption . | . . . Corruption Purged . | . . . Corruption Blocked . | . . . Overload Shots . | . . . Overflow Damage 1 | . 1 . Projectiles . | . . . Explosions 1 | . 1 . Melee . | . . . Knockbacks 7 | . 3 4 Impact . | . . . Kinetic 7 | . 3 4 Secondary . | . . . Self-Inflicted Damage 25 | . . 25 Shots 3 | . . 3 Rammed . | . . . Targets Rammed . | . . . Kicked . | . . . Crushed . | . . . Highest Temperature 250 | . 18 250 Average Temperature 17 | . 8 245 Received Heat Transfer 718 | . 384 334 Effects 1 | . . 1 Energy Bleed 1 | . . 1 Siege Activations . | . . . Martial Activations . | . . . Shielding Activations . | . . . Robots Disrupted . | . . . Combat Hostiles . | . . . Robots Corrupted . | . . . Combat Hostiles . | . . . Parts Fried . | . . . Impact Corruptions . | . . . Robots Melted . | . . . Combat Hostiles . | . . . Parts Melted . | . . . Heat Transferred 37 | . . 37 Parts Sabotaged . | . . . Parts Stolen . | . . . Parts Stripped . | . . . Power Chain Reactions . | . . . Alert | -11 -10 -10 ------- Run | Yrd Mat Sub Maximum Alert Level 1 | . 1 . Low Security (%) 79 | 100 77 . Level 1 20 | . 22 . Level 2 . | . . . Level 3 . | . . . Level 4 . | . . . Level 5 . | . . . High Security . | . . . Max Security . | . . . Peak Influence 290 | 20 290 . Initial . | . . . Average 74 | 4 82 . Influence Increases 745 | 30 645 70 Destroy 0b10 Robot/C 380 | . 320 60 Destroy 0b10 Robot/NC 80 | 30 50 . Destroy Leader 96 | . 86 10 Successful Hack 17 | . 17 . Select Force Hacks 60 | . 60 . Disable Machine 15 | . 15 . Destroy Structure 67 | . 67 . Lose Combat Pursuer 30 | . 30 . Influence Decreases 745 | 30 363 352 Entered New Map 136 | . . 136 Time Decay 571 | 30 333 208 Lost Part 38 | . 30 8 Squads Dispatched 6 | . 6 . Investigation 4 | . 4 . Extermination . | . . . Reinforcement 2 | . 2 . Assault . | . . . Garrison . | . . . Intercept . | . . . Searches Triggered . | . . . Construction Impeded . | . . . Haulers Reinforced . | . . . Active Scanning Responses . | . . . Cargo Convoy Interrupts . | . . . Stealth | -11 -10 -10 --------- Run | Yrd Mat Sub Distress Signals 3 | . 3 . Communications Jammed . | . . . Distress Signals . | . . . Times Spotted 41 | . 26 15 Peak Tracking Total 4 | . 4 3 Tactical Retreats 2 | . 2 . Traps | -11 -10 -10 ------- Run | Yrd Mat Sub Traps Triggered 1 | . 1 . Indirectly . | . . . Trap Hack Attempts . | . . . Triggered . | . . . Disarmed . | . . . Reprogrammed . | . . . Reused . | . . . Traps Extracted . | . . . Installed . | . . . Triggered . | . . . Machines | -11 -10 -10 ---------- Run | Yrd Mat Sub Machines Disabled 1 | . 1 . Max in Single Turn 1 | . 1 . Machines Repaired . | . . . Machines Dismantled . | . . . Machines Sabotaged . | . . . Overloaded Fab Kills . | . . . Hacking | -11 -10 -10 --------- Run | Yrd Mat Sub Machines Accessed 7 | . 7 . Terminals 5 | . 5 . Fabricators . | . . . Repair Stations . | . . . Recycling Units 2 | . 2 . Scanalyzers . | . . . Garrison Access . | . . . Total Hacks 20 | . 20 . Successful 16 | . 16 . Failed 3 | . 3 . Catastrophic . | . . . Database Lockouts 1 | . 1 . Manual 12 | . 12 . Terminals 18 | . 18 . Fabricators . | . . . Repair Stations . | . . . Recycling Units 2 | . 2 . Scanalyzers . | . . . Garrison Access . | . . . Terminal Hacks 9 | . 9 . Robot Analysis 5 | . 5 . Prototype ID Bank 2 | . 2 . Terminal Index 2 | . 2 . Fabricator Hacks . | . . . Repair Station Hacks . | . . . Recycling Unit Hacks . | . . . Scanalyzer . | . . . Garrison Access Hacks . | . . . Unauthorized Hacks 7 | . 7 . Terminals 5 | . 5 . Botnet 5 | . 5 . Fabricators . | . . . Repair Stations . | . . . Recycling Units 2 | . 2 . Tunnel 2 | . 2 . Scanalyzers . | . . . Garrison Access . | . . . Data Cores Recovered . | . . . Used . | . . . Hacking Detections 4 | . 4 . Full Trace Events 1 | . 1 . Feedback Events . | . . . Feedback Blocked . | . . . Robot Schematics Acquired . | . . . Robots Built . | . . . Authchips . | . . . Time . | . . . Total Robot Build Rating . | . . . Part Schematics Acquired . | . . . Parts Built . | . . . Authchips . | . . . Time . | . . . Total Part Build Rating . | . . . Parts Repaired . | . . . Time . | . . . Parts Recycled . | . . . Recycled Matter . | . . . Retrieved Matter . | . . . Retrieved Components . | . . . Parts Scanalyzed . | . . . Part Schematics Acquired . | . . . Parts Damaged . | . . . Bothacking | -11 -10 -10 ------------ Run | Yrd Mat Sub Used RIF Installer . | . . . Robots Hacked . | . . . Non-combat . | . . . Combat . | . . . Robot Hacks Applied . | . . . Relay Couplers Released . | . . . Fabnet Peak Effective % . | . . . Robots Rewired . | . . . Allies Hacked . | . . . Hacks Repelled . | . . . Allies | -11 -10 -10 -------- Run | Yrd Mat Sub Total Allies . | . . . Largest Group . | . . . Highest-Rated Group . | . . . Highest-Rated Ally . | . . . Total Orders . | . . . Ally Attacks . | . . . Total Damage . | . . . Kills . | . . . Allies Corrupted . | . . . Allies Melted . | . . . Intel | -11 -10 -10 ------- Run | Yrd Mat Sub Active Infowar (turns) 3177 | 70 546 2561 Terrain 3177 | 70 546 2561 Robot Analysis Total 5 | . 5 . Derelict Logs Recovered . | . . . Drone Launches . | . . . Drone Recoveries . | . . . Exploration | -11 -10 -10 ------------- Run | Yrd Mat Sub Turns Passed 4695 | 158 1543 2994 Spaces Moved 1692 | 68 527 1097 Core 9 | 9 . . Treads 439 | 59 380 . Legs 1244 | . 147 1097 Wheels . | . . . Hover . | . . . Flight . | . . . Fastest Speed 50 | 50 160 260 Average Speed 246 | 145 230 260 Slowest Speed 400 | 160 400 260 Overloaded Moves . | . . . Propulsion Burnouts . | . . . Robots Hopped . | . . . Potential Cave-ins . | . . . Cave-ins Triggered . | . . . Exploration Rate (%) 51 | 4 77 72 Regions Visited 2 Branch Regions 1 Pre-discovered Areas 2 | . 2 . Known Exits Taken . | . . . Unknown Exits Taken 2 | 1 1 . Scrap Searched 1 | . . 1 Spaces Dug . | . . . Terrain Destroyed 163 | . 69 94 Melee . | . . . Projectile . | . . . AOE 163 | . 69 94 Terrain Rammed . | . . . Walls Destroyed . | . . . Machines Disabled . | . . . Actions | -11 -10 -10 --------- Run | Yrd Mat Sub Total 1920 | 94 666 1160 Wait 10 | . 9 1 Move 1690 | 67 526 1097 Hop . | . . . Pick Up 22 | 3 10 9 Fast Attach 9 | 7 2 . Attach 6 | . 1 5 Detach . | . . . Swap 25 | 1 14 10 Drop 1 | . 1 . Fire 157 | 16 103 38 Melee . | . . . Ram . | . . . Kick . | . . . Crush . | . . . Escape Stasis . | . . . Rewire . | . . . Trap . | . . . Miscellaneous . | . . . Route ------- -11/Scrapyard -10/Materials (discovered 4 exits: [*Mat x3] / [*Sub]) -10/Subcaves (discovered 2 exits: [*Mat x2]) History --------- Turn | Location | Event 7 | -11/Scrapyard | Discovered new exit (range 15) 159 | -11/Scrapyard | Entered Materials 312 | -10/Materials | Build established: Mutant 406 | -10/Materials | Discovered new exit (range 10) 961 | -10/Materials | Discovered new exit (range 3) 1224 | -10/Materials | Lost 3 parts (1p1n1w) 1313 | -10/Materials | Central database locked down 1616 | -10/Materials | Discovered new exit (range 13) 1684 | -10/Materials | Discovered new exit (range 9) 1702 | -10/Materials | Entered Subcaves 1796 | -10/Subcaves | A swath of the cavern ceiling suddenly collapsed 1877 | -10/Subcaves | Build established: Scavenger-Mutant 2158 | -10/Subcaves | Shifting Twisted Machinery released Sub. Power Source 2194 | -10/Subcaves | Shifting Twisted Machinery released Battle Cannon 2284 | -10/Subcaves | Discovered new exit (range 7) 2299 | -10/Subcaves | Shifting Twisted Machinery released Sub. Beam Cannon 2355 | -10/Subcaves | Shifting Twisted Machinery released Sub. Machine Gun 2479 | -10/Subcaves | Build established: Mutant 2920 | -10/Subcaves | Discovered new exit (range 5) 3367 | -10/Subcaves | Core integrity fell below 50% 3687 | -10/Subcaves | Core integrity fell below 20% 4696 | -10/Subcaves | Destroyed by 0Q-ZWW(R) with Subdweller Beam Cannon Last Messages --------------- 03974_ S-10 Pest destroyed. 03979_ Acquired 6 matter. 03981_ Acquired 5 matter. 03983_ Flight Unit fries itself beyond repair. 03984_ Acquired 12 matter. 03987_ Flight Unit fries itself beyond repair. 03989_ Lgt. Assault Rifle fries itself beyond repair. 03990_ Lgt. Ion Engine fries itself beyond repair. 04014_ The unstable cave ceiling collapses. 04437_ VG-2SB(u) tweaks Twisted Machinery. 04475_ VG-2SB(u) cries out in pain. 04475_ VG-2SB(u) destroyed. 04479_ Subatomizers dissect the Wheel. 04488_ Acquired 7 matter. 04493_ Subatomizers dissect the Wheel. 04547_ Acquired 54 matter. 04693_ HE-ENN(R) destroyed. 04694_ Broken Sub. Power Source destroyed. 04694_ Critical hit (Meltdown: +250). 04696_ Overheating: Energy bleed (-7). Map ----- +----------------------------------------------------+ | ???## ### ##???????????????????????????????????? | | ???## ## #????????????????????????????????????? | | ??## #?????????????????????????????????????? | | ??# ######?????? ??? ??????????????????????? | | ??# ### ##????????????????????????????????? | | ??## ### #??????"??? ??????????????????????? | | ??###??## ##????????????????????????????????? | | ????????# ##??????#????????????????????????? | | ?#??????# ###?####?###????????????????????? | | ??????#?## ## ## #????????????????????? | | ????????## #????????????????????? | | ? ### #???#????????????????? | | #?????????????????????? | | ##????#????????????????? | | ## ## #?????????? ???????????? | | ??## #### ###???????#?? ??????????? | | ????## ##?## #?????????? ??????????? | | ?#?#???# ##?## ##????????? ???????????? | | ?????????# ???# ##????????? ????????????? | | ????? ???# #??## ######?#### ??????????????? | | ?????????# ##??## ## ## ##??????????????? | | ?????????## ##??# ## ###?????????????? | | ?????????? ????# ## #?????????????? | | ?????????? ????### # ????????? | | ?????????? ?????## *R ????????? | | ???????? ???????## @ /% " ??????????? | | ????????? ???????# = " #?#????????? | | ?????????????????## "" #??????????? | | ??#???????????????## ###""???#????????? | | ???????????????????# ##### ##????????????????? | | ??#??????????????# #???? #? ???"??????#?? ? | | ??????? ?#??????# #????? ##?? ?????????????? | | ??????????????#?# ##????? ??????? ?????#??? | | ?????? ???????## ##???????##???"????????????? | | ????????#??????# ## #?????????????#?????????#?? | | ##??????????#?# ?###???????????????###??????#?? | | ##?????#????# ???????????????????# ???##???? | | #????#????# ??????????????????## ?????#??# | | ##????#?? ##??????????????????# "#??????### | | ##????#### ????????????????????#""#???????# | | #?????## ## ## ??#????????#?????#??#" ####????# | | ##???## ###?##??????????????#??????# ###### | | ##???# ###????????????##?????????## ## | | ##?## ##???????????????????????# | | ### ##??????????????????????# ## | | #??????#?????????????## #### | | #### ##########????????????# ##??# # | | ##### ## # ##???????????# ###???# # | | # #?# ##### #???????????###??????# | | #?###???# ##??#?????????????????## | +----------------------------------------------------+ Best States ------------- Heat Dissipation 25 Energy Generation 15 Energy Capacity 200 Matter Stores 300 Matter Capacity 300 Sight Range 16 Terrain Scan Range 16 Terrain Scan Density 10 Evasion (%) 40 Targeting Accuracy 5 Recoil Reduction 2 Offensive Hacking 10 Item Schematics ----------------- None Robot Schematics ------------------ None Fabricated ------------ Nothing Repaired ---------- Nothing Alien Tech Used ----------------- None Achievements -------------- None Challenges ------------ None Game ------ Seed HypercooledConceptFrame Manual? 0 Play Time 00:15:02 Cumulative 258.8 hours Start 2025.06.07 @ 13:44:24 End 2025.06.07 @ 13:57:24 Sessions 1 Manual Loads 0 Difficulty Rogue Special Mode None Game No. 163 Rogue 163 Adventurer 0 Explorer 0 Win Type - Total 3 Types 1/0/1/1/0/0/0/0/0/0 Lore% 80 Gallery% 66 Achievement% 63 Wizard Run 0 Options --------- Layout 2 ASCII 0 Keyboard 1 Movement Vi Keybinds 0 Fullscreen 1 Font 16/Tamsyn Map View 55x47 Zoom Use 0% Tactical HUD 1 Map Filters NONE Filters NONE Steam 0 RUN: c567e9af-0e9e-4a9c-862e-93e818e29b2f